Map: Zen LE

Players

Eternal

  • Race: Zerg Zerg
  • League: Platinum
  • Spawn Location: 7:00

A.I. 1 (Harder)

  • Race: Protoss Protoss
  • Spawn Location: 1:00

VOD

Have the link to the VOD?

Description

Time

  • Played on: May 2, 2020, 7:25 p.m.
  • Length: 19:40
Show
View Real Time Build Order
Export as new Build Order

Eternal Zerg 

Build Orders: Hatch First, Lurkers 

Get SALT Encoding   

  12  0:01  Drone  
  13  0:31  Hatchery  
  12  0:36  Drone  
  12  0:40  Drone  
  14  0:44  Extractor  
  14  0:45  Drone  
  15  1:03  Spawning Pool  
  14  1:09  Overlord  
  14  1:31  Drone x3  
  17  1:41  Extractor  
  16  1:50  Zergling x4  
  18  1:56  Queen  
  18  2:00  Queen  
  22  2:02  Drone x2  
  22  2:04  Drone  
  25  2:08  Drone  
  26  2:17  Overlord  
  26  2:32  Roach Warren  
  26  2:33  Overlord  
  25  2:37  Drone  
  25  2:39  Drone  
  25  2:42  Drone  
  28  2:53  Metabolic Boost  
  28  3:03  Drone x4  
  28  3:05  Drone  
  33  3:08  Drone  
  33  3:10  Drone  
  35  3:14  Drone  
  36  3:22  Extractor  
  36  3:24  Roach x2  
  36  3:26  Roach  
  41  3:37  Spine Crawler  
  40  3:44  Spine Crawler  
  40  3:46  Drone  
  40  3:47  Drone x4  
  43  3:55  Overlord  
  43  4:02  Drone  
  44  4:05  Overlord  
  44  4:06  Overlord  
  44  4:22  Roach x4  
  44  4:24  Overlord, Roach  
  54  4:29  Overlord  
  53  4:47  Lair  
  53  4:51  Roach  
  53  4:52  Roach  
  57  4:57  Zergling x2  
  57  4:58  Zergling x10  
  63  5:04  Zergling x2  
  63  5:05  Spine Crawler  
  63  5:12  Roach x2  
  66  5:30  Roach x6  
  75  5:41  Drone x4  
  78  5:49  Infestation Pit  
  77  5:54  Evolution Chamber  
  77  5:55  Drone  
  77  5:56  Evolution Chamber  
  77  5:57  Drone x6  
  77  5:58  Drone  
  77  6:02  Overseer  
  83  6:04  Overseer  
  83  6:09  Extractor  
  83  6:10  Drone  
  83  6:11  Drone, Extractor  
  84  6:12  Drone  
  84  6:31  Zerg Ground Armor Level 1  
  84  6:36  Overlord x3  
  84  6:37  Overlord  
  84  6:50  Overlord x2  
  84  7:02  Hatchery  
  84  7:08  Overseer  
  83  7:14  Drone x4  
  83  7:15  Drone  
  88  7:17  Drone  
  57  8:08  Pneumatized Carapace  
  57  8:09  Drone x8  
  65  8:16  Overseer x2  
  65  8:28  Queen  
  67  8:34  Spore Crawler  
  67  8:40  Spore Crawler  
  65  8:42  Zergling x10  
  65  8:44  Spore Crawler  
  69  8:49  Roach  
  71  9:00  Roach x10  
  71  9:01  Roach x2  
  95  9:04  Queen  
  95  9:09  Spine Crawler  
  96  9:11  Spine Crawler  
  96  9:12  Spine Crawler  
  96  9:13  Roach  
  96  9:14  Roach x3  
  100  9:19  Roach  
  101  9:30  Drone  
  101  9:31  Drone x6  
  106  9:35  Extractor  
  105  9:38  Extractor  
  105  9:40  Pathogen Glands  
  105  9:45  Hydralisk Den  
  103  9:46  Zerg Ground Armor Level 2  
  103  9:48  Glial Reconstitution, Zerg Missile Weapons Level 1  
  103  9:50  Roach x7  
  117  10:04  Drone x4, Spine Crawler  
  117  10:05  Spore Crawler  
  119  10:07  Spore Crawler  
  119  10:13  Hydralisk x2  
  122  10:15  Overlord x2  
  122  10:22  Muscular Augments  
  122  10:32  Overlord x3  
  122  10:33  Overlord  
  122  10:35  Hydralisk  
  122  10:40  Ravager x2  
  122  10:41  Ravager x5  
  122  10:42  Ravager  
  132  10:44  Hydralisk  
  134  10:59  Hydralisk x5  
  144  11:06  Drone x4  
  148  11:16  Lurker Den  
  147  11:20  Overseer  
  147  11:22  Overseer x2  
  147  11:26  Hydralisk  
  147  11:27  Hydralisk x2  
  153  11:33  Grooved Spines  
  153  11:37  Hive  
  111  12:07  Zergling x28  
  111  12:08  Zergling x22  
  124  12:42  Hydralisk x6  
  124  12:43  Hydralisk x5  
  145  12:49  Hydralisk x5  
  154  12:54  Hydralisk  
  154  12:56  Hydralisk  
  158  13:07  Zerg Ground Armor Level 3  
  158  13:09  Zerg Missile Weapons Level 2  
  157  13:29  Lurker  
  157  13:30  Lurker x2  
  160  13:36  Lurker  
  161  13:54  Overseer  
  161  13:58  Extractor  
  160  14:09  Extractor  
  157  14:18  Extractor  
  124  15:33  Seismic Spines  
  106  16:30  Adaptive Talons  
  106  17:25  Zerg Melee Weapons Level 1  
  106  17:26  Adrenal Glands  
  106  17:32  Infestor x9  
  106  17:33  Infestor x6  
  136  17:39  Infestor  
  138  18:05  Hatchery, Extractor  
  136  18:07  Hatchery  
  136  18:08  Extractor  
  136  18:10  Extractor  
  133  18:17  Ravager x5  
  138  18:42  Spine Crawler  
  138  18:46  Spine Crawler x2  
  138  18:48  Spine Crawler  
  134  18:49  Spine Crawler  
  134  18:51  Spine Crawler, Spore Crawler  
  134  18:53  Spore Crawler  
  134  18:55  Spore Crawler  
Show
View Real Time Build Order
Export as new Build Order

A.I. 1 (Harder) Protoss 

Build Orders:  

Get SALT Encoding   

  12  0:00  Probe  
  13  0:13  Probe  
  14  0:20  Pylon  
  14  0:25  Probe  
  15  0:34  Probe  
  15  0:41  Gateway  
  15  0:42  Probe  
  17  0:50  Assimilator  
  17  0:52  Probe  
  18  1:00  Pylon, Probe  
  19  1:20  Probe  
  20  1:28  Zealot  
  20  1:31  Cybernetics Core  
  22  1:42  Gateway  
  22  1:46  Assimilator  
  22  1:59  Adept  
  22  2:02  Pylon  
  24  2:16  Warp Gate  
  24  2:29  Zealot  
  26  2:31  Adept  
  28  2:39  Pylon  
  28  2:51  Adept  
  30  3:01  Adept  
  32  3:06  Probe  
  33  3:15  Pylon  
  33  3:16  Stalker  
  33  3:18  Probe  
  36  3:30  Probe  
  36  3:31  Adept  
  39  3:37  Forge  
  39  3:42  Probe  
  39  3:46  Stalker  
  42  3:54  Probe  
  42  3:55  Adept  
  45  4:06  Probe  
  46  4:20  Probe  
  46  4:34  Protoss Ground Weapons Level 1  
  46  4:45  Sentry  
  48  4:46  Gateway  
  48  4:49  Pylon  
  48  4:52  Sentry  
  50  5:08  Zealot  
  50  5:11  Pylon  
  52  5:15  Zealot  
  54  5:23  Photon Cannon  
  54  5:28  Stalker  
  54  5:31  Robotics Facility  
  54  5:35  Stalker  
  50  5:42  Zealot  
  50  5:51  Zealot  
  50  5:55  Photon Cannon  
  52  5:58  Stalker  
  54  6:05  Sentry  
  56  6:12  Sentry  
  56  6:13  Nexus  
  56  6:18  Observer  
  59  6:29  Stargate  
  59  6:32  Protoss Ground Armor Level 1  
  59  6:36  Twilight Council  
  59  6:39  Observer  
  60  6:46  Forge  
  60  7:18  Stalker x2  
  60  7:26  Probe  
  60  7:27  Probe  
  62  7:34  Zealot  
  60  7:38  Probe  
  60  7:39  Probe  
  60  7:41  Zealot  
  60  7:47  Pylon  
  60  7:48  Zealot  
  60  7:50  Probe  
  59  7:51  Pylon, Probe  
  59  7:54  Assimilator  
  59  7:55  Zealot  
  60  8:02  Sentry  
  60  8:03  Probe  
  60  8:04  Probe  
  64  8:09  Sentry  
  66  8:15  Photon Cannon, Probe  
  66  8:16  Probe  
  68  8:23  Probe  
  68  8:25  Probe  
  68  8:29  Photon Cannon  
  68  8:31  Probe  
  70  8:34  Robotics Bay  
  71  8:47  Nexus  
  71  9:01  Gateway  
  71  9:07  Robotics Facility  
  71  9:10  Void Ray  
  71  9:13  Stargate  
  71  9:18  Disruptor  
  72  9:43  Assimilator  
  72  9:44  Warp Prism  
  72  9:54  Warp Prism  
  72  9:58  Gateway  
  76  10:19  Disruptor  
  79  10:22  Void Ray  
  79  10:25  Observer  
  83  10:35  Void Ray  
  88  10:40  Warp Prism  
  90  10:55  Disruptor  
  93  11:03  Probe  
  94  11:05  Probe  
  94  11:07  Probe  
  96  11:15  Probe  
  96  11:16  Disruptor  
  96  11:17  Probe  
  101  11:19  Probe  
  101  11:21  Pylon  
  102  11:28  Protoss Ground Weapons Level 2  
  102  11:30  Probe  
  102  11:32  Probe x2  
  104  11:38  Probe  
  105  11:44  Pylon, Probe  
  105  11:45  Probe  
  105  11:46  Probe  
  105  11:47  Fleet Beacon  
  107  11:49  Stargate  
  107  11:53  Stalker  
  107  11:57  Stalker  
  93  12:05  Zealot  
  75  12:11  Zealot  
  75  12:14  Zealot  
  62  12:19  Zealot  
  48  12:23  Stalker  
  48  12:26  Zealot  
  46  12:31  Zealot, Carrier  
  46  12:36  Stalker  
  43  12:52  Zealot  
  43  12:56  Stalker  
  43  12:57  Observer  
  47  13:02  Nexus  
  47  13:06  Disruptor  
  50  13:21  Stalker  
  50  13:26  Zealot  
  54  13:32  Stalker  
  56  13:36  Sentry  
  56  13:40  Adept  
  64  14:00  Disruptor  
  67  14:13  Stalker, Zealot  
  69  14:19  Stalker  
  44  14:37  Pylon  
  32  15:02  Probe  
  32  15:05  Probe  
  33  15:10  Probe  
  29  15:15  Probe  
  29  15:19  Probe  
  19  16:08  Probe  
Tags
 
Composition
Lurkers
League
Platinum
Matchup
PvZ
Spawn Locations
Cross Positions
Add a new tag
Caveats
  • Supply blocks, unpowered buildings, or Contaminate may cause inaccurate times.
  • Supply counts are checked every 10 seconds.